 Dungeon Crawl Stone Soup version 0.18.1-48-g4cf74bf (webtiles) character file.

29 Gargoyl the Skirmisher (level 3, -2/29 HPs)
             Began as a Demonspawn Abyssal Knight on Aug 8, 2016.
             Was a Follower of Lugonu.
             Slain by a gnoll
             ... wielding a +0 halberd
              (12 damage)
             ... on level 2 of the Dungeon.
             The game lasted 00:03:41 (1452 turns).

Gargoyl the Skirmisher (Demonspawn Abyssal Knight)  Turns: 1452, Time: 00:03:42

Health: -2/29      AC:  5    Str: 13    XL:     3   Next: 1%
Magic:  4/4        EV: 10    Int: 13    God:    Lugonu [*.....]
Gold:   59         SH:  0    Dex: 12    Spells: 0 memorised, 2 levels left

rFire  + . .     SeeInvis .     a - +1 hand axe
rCold  x . .     Gourm    .     d - +0 ring mail
rNeg   . . .     Faith    .     (no shield)
rPois  .         Spirit   .     (no helmet)
rElec  .         Dismiss  .     (no cloak)
rCorr  .         Reflect  .     (no gloves)
SustAt .         Harm     .     (no boots)
MR     .....                    (no amulet)
Stlth  +.........               (no ring)
                                i - ring of fire

@: drained, not resistant to hostile enchantments, very unstealthy
A: powered by pain 1
a: Depart the Abyss, Renounce Religion


You were on level 2 of the Dungeon.
You worshipped Lugonu.
Lugonu was aware of your devotion.
You were not hungry.

You visited 1 branch of the dungeon, and saw 2 of its levels.
You visited the Abyss 1 time.

You collected 59 gold pieces.

Inventory:

Hand Weapons
 a - a +1 hand axe (weapon)
 g - a +0 whip of venom
Missiles
 h - 3 javelins (quivered)
Armour
 d - a +0 ring mail (worn)
Jewellery
 i - a ring of fire (left hand)
Scrolls
 b - 6 scrolls of identify {unknown}
 e - a scroll of random uselessness {unknown}
 f - a scroll of noise {unknown}
 j - a scroll of enchant armour {unknown}
 l - a scroll of magic mapping {unknown}
Potions
 k - a potion of heal wounds {unknown}
Comestibles
 c - a bread ration


   Skills:
 + Level 3.3(3.2) Fighting
 + Level 1.8 Axes
 * Level 2.5 Armour
 + Level 1.1(1.0) Dodging
 + Level 0.2(0.1) Stealth
 + Level 2.6 Invocations


You had 2 spell levels left.
You didn't know any spells.

Dungeon Overview and Level Annotations

Branches:
Dungeon (2/15)

Altars:


Innate Abilities, Weirdness & Mutations

You sometimes gain a little power by taking damage.


Message History

You feel stronger.
There is a stone staircase leading down here.
You start resting.
You are near starving!
You start resting.
You are starving!
Eat which item? (? for menu, Esc to quit)
You continue eating. x2
You finish eating.
That bread ration really hit the spot!
Unknown command.
You climb downwards.
The gnoll hits you. The gnoll hits you with a halberd.
There is a stone staircase leading up here.
You closely miss the gnoll. You hit the gnoll but do no damage.
The gnoll hits you. The gnoll hits you with a halberd!
Unknown command.
You hit the gnoll.
The gnoll is moderately wounded.
You closely miss the gnoll. The gnoll hits you.
The gnoll hits you with a halberd!
You die...

#.##...........#
#.##...........#
#.##...........#
########.##..........##
#..........#.#########
#..........#.#
#..........#.#
#.......g..#.#
#.......@..#.#
#.......g..#.#
#..........#.#
#..........#.#
#..........#
#..........#
#..........#
############


You could see 2 gnolls.

Vanquished Creatures
  A gnoll (D:1)
  An ooze (D:1)
  4 bats (D:1)
  4 goblins
  A hobgoblin (D:1)
  3 kobolds (D:1)
  2 rats (D:1)
16 creatures vanquished.

Notes
Turn   | Place    | Note
--------------------------------------------------------------
     0 | Abyss:1  | Gargoyl the Demonspawn Abyssal Knight began the quest for the Orb.
     0 | Abyss:1  | Reached XP level 1. HP: 18/18 MP: 2/2
    25 | Abyss:1  | Found a corrupted altar of Lugonu.
   210 | Abyss:1  | Noticed a great orb of eyes
   248 | Abyss:1  | Noticed an apocalypse crab
   254 | D:1      | Escaped the Abyss
   356 | D:1      | Reached * piety under Lugonu
   356 | D:1      | Reached skill level 1 in Dodging
   356 | D:1      | Gained mutation: You sometimes gain a little power by taking damage. [demonic ancestry]
   356 | D:1      | Reached XP level 2. HP: 20/24 MP: 3/3
  1253 | D:1      | Reached XP level 3. HP: 10/29 MP: 4/4
  1452 | D:2      | Slain by a gnoll

Skill      XL: |  1 |
---------------+----+-----
Armour         | 2 |  2.5
Dodging        | 1 |  1.1
Fighting       | |  3.3
Axes           | |  1.8
Stealth        | |  0.2
Invocations    | |  2.6

Action                   || total
-------------------------++-------
Melee: Hand axe          ||    49
Invok: Depart the Abyss  ||     1
  Eat: Bread ration      ||     1
Armor: Ring mail         ||    21
Dodge: Dodged            ||    40
